 Dungeon Sprint DCSS version 0.22.1-1-ga44c0e56f4 (webtiles) character file.

2236 MuseOD the Spear-Bearer (level 9, -10/80 (82) HPs)
             Began as a Merfolk Berserker on Oct 4, 2018.
             Was an Elder of Trog.
             Killed from afar by a death drake (11 damage)
             ... with a foul vapour
             ... in the Dungeon (Sprint II: "The Violet Keep of Menkaure").
             The game lasted 00:02:47 (1097 turns).

MuseOD the Spear-Bearer (Merfolk Berserker)         Turns: 1097, Time: 00:02:49

HP:   -10/80 (82)   AC:  2    Str: 21    XL:     9   Next: 36%
MP:   9/9           EV: 20    Int:  6    God:    Trog [****..]
Gold: 810           SH:  0    Dex: 13    Spells: 8/8 levels left

rFire    . . .     SeeInvis .   a - +0 spear
rCold    . . .     Gourm    .   (no shield)
rNeg     . . .     Faith    .   b - +0 animal skin
rPois    .         Spirit   .   (no helmet)
rElec    .         Reflect  .   (no cloak)
rCorr    .         Harm     .   (no gloves)
MR       .....     NoTele   +   (no boots)
Stlth    +.........             (no amulet)
HPRegen  0.23/turn              (no ring)
MPRegen  0.11/turn              (no ring)

@: lethally poisoned (-10 -> -102), berserk cooldown, very slightly
contaminated, slowed, very slow
A: change form in water, swift swim, stealthy swim
a: Berserk, Trog's Hand, Brothers in Arms, Renounce Religion


You were in the Dungeon.
You worshipped Trog.
Trog was greatly pleased with you.
You were near starving.

You visited 1 branch You collected 810 gold pieces.

Inventory:

Hand Weapons
 a - a +0 spear (weapon)
Missiles
 c - 7 javelins of penetration (quivered)
Armour
 b - a +0 animal skin (worn)
Potions
 e - a potion of heal wounds
 f - a potion of haste
 g - 2 potions of magic
 h - a potion of berserk rage


   Skills:
 + Level 11.7 Fighting
 + Level 14.7 Polearms
 + Level 8.2 Armour
 + Level 13.4 Dodging


You had 8 spell levels left.
You didn't know any spells.
Your spell library was empty.

Dungeon Overview and Level Annotations

Branches:
Dungeon (1/1)

Altars:
Cheibriados
Dithmenos
Elyvilon
Fedhas
Hepliaklqana
Kikubaaqudgha
Makhleb
Nemelex Xobeh
Qazlal
Ru
Sif Muna
Trog
Uskayaw
Vehumet
Wu Jian
Xom
Yredelemnul
Zin
The Shining One
Beogh
Jiyva
Lugonu


Message History

As you read the scroll of blinking, it crumbles to dust.
You feel extremely sick. The death drake breathes miasma at you.
Really walk into a travel-excluded area? [Y]es or [N]o only, please.
Really walk into a travel-excluded area?
You feel extremely sick.
* * * LOW HITPOINT WARNING * * *
You feel very sick. The death drake breathes miasma at you.
The foul vapour misses you.
There is an open door here.
You are engulfed in dark miasma.
You are more poisoned.
* * * LOW HITPOINT WARNING * * *
x2 You feel extremely sick.
The death drake breathes miasma at you. The foul vapour engulfs you!
You are more poisoned.
You die...

.. . ## ##.. #. . ##.
.##.#### +(##. #..#..# ...#
...#### # #...####..##
#..##.# ##. ##÷###§##..#
+.8#..# #...##.##.§§#§§#
#.h#..#
#)'.<.'##@§§§####k§##)#
#...##.##.###§§§.###.§.##▓▓▓
##. #'###.##§.k...≈≈§≈≈≈≈≈≈
# #.#.# ##≈≈...§§§#§######
#..#..#≈≈§≈≈≈≈§.≈#§_._._.
##.#.##≈≈≈≈≈§≈§§§#.._._._
##+##≈≈≈≈≈≈§≈≈≈≈#._._._.
≈≈≈≈≈≈≈≈≈≈§≈§#_._._._
#+++#≈≈≈≈§≈≈§≈#._._._.


You could see a death drake.

Vanquished Creatures
  A merfolk siren (D)
  2 tyrant leeches (D)
  3 polar bears (D)
  4 necrophages (D)
  3 worms (D)
13 creatures vanquished.

Vanquished Creatures (collateral kills)
  A death drake (D)
  A yaktaur (D)
  A hornet (D)
  A swamp drake (D)
4 creatures vanquished.

Vanquished Creatures (others)
  Menkaure (D)
  A crocodile (D)
2 creatures vanquished.

Grand Total: 19 creatures vanquished

Notes
Turn   | Place    | Note
-------+----------+-------------------------------------------
     0 | D        | MuseOD the Merfolk Berserker began the quest for the Orb.
     0 | D        | Reached XP level 1. HP: 18/18 MP: 1/1
    12 | D        | Reached skill level 5 in Polearms
    12 | D        | Reached XP level 2. HP: 23/25 MP: 2/2
    23 | D        | Reached ** piety under Trog
    24 | D        | Killed Menkaure
   304 | D        | Noticed a necrophage
   304 | D        | Noticed a necrophage
   304 | D        | Noticed a necrophage
   304 | D        | Noticed a necrophage
   309 | D        | Killed a necrophage
   309 | D        | Reached skill level 5 in Fighting
   309 | D        | Reached skill level 7 in Polearms
   309 | D        | Reached XP level 3. HP: 34/34 MP: 3/3
   309 | D        | Reached XP level 4. HP: 40/40 MP: 4/4
   315 | D        | Killed a necrophage
   315 | D        | Reached skill level 9 in Polearms
   315 | D        | Reached XP level 5. HP: 47/47 MP: 5/5
   319 | D        | Killed a necrophage
   319 | D        | Reached *** piety under Trog
   319 | D        | Reached XP level 6. HP: 55/55 MP: 6/6
   322 | D        | Killed a necrophage
   322 | D        | Reached skill level 10 in Polearms
   322 | D        | Reached skill level 5 in Armour
   364 | D        | Noticed a tyrant leech
   364 | D        | Noticed a tyrant leech
   382 | D        | Killed a tyrant leech
   382 | D        | Reached skill level 11 in Polearms
   382 | D        | Reached skill level 10 in Dodging
   382 | D        | Reached XP level 7. HP: 64/64 MP: 7/7
   395 | D        | Killed a tyrant leech
   395 | D        | Reached skill level 12 in Polearms
   649 | D        | Noticed a merfolk siren
   655 | D        | Killed a merfolk siren
   655 | D        | Reached **** piety under Trog
   655 | D        | Reached skill level 10 in Fighting
   655 | D        | Reached XP level 8. HP: 72/72 MP: 8/8
   717 | D        | Found a glowing silver altar of Zin.
   718 | D        | Found a glowing golden altar of the Shining One.
   718 | D        | Found a basalt altar of Yredelemnul.
   718 | D        | Found a hide-covered altar of Uskayaw.
   719 | D        | Found a shimmering altar of Xom.
   719 | D        | Found a bloodstained altar of Trog.
   719 | D        | Found a radiant altar of Vehumet.
   719 | D        | Found a burning altar of Makhleb.
   720 | D        | Found an ornate altar of the Wu Jian Council.
   720 | D        | Found a deep blue altar of Sif Muna.
   720 | D        | Found a corrupted altar of Lugonu.
   720 | D        | Found a sparkling altar of Nemelex Xobeh.
   720 | D        | Found a blossoming altar of Fedhas.
   721 | D        | Found a sacrificial altar of Ru.
   721 | D        | Found an ancient bone altar of Kikubaaqudgha.
   721 | D        | Found a white marble altar of Elyvilon.
   722 | D        | Found a stormy altar of Qazlal.
   722 | D        | Found a viscous altar of Jiyva.
   722 | D        | Found a shadowy altar of Dithmenos.
   723 | D        | Found a hazy altar of Hepliaklqana.
   723 | D        | Found a snail-covered altar of Cheibriados.
   724 | D        | Found a roughly hewn altar of Beogh.
   725 | D        | Noticed a yaktaur
   725 | D        | Noticed a hornet
   725 | D        | Noticed a polar bear
   726 | D        | Noticed a polar bear
   735 | D        | Killed a polar bear
   735 | D        | Reached skill level 13 in Polearms
   741 | D        | Killed a hornet
   745 | D        | Killed a yaktaur
   745 | D        | Noticed a polar bear
   759 | D        | Killed a polar bear
   759 | D        | Reached XP level 9. HP: 41/81 MP: 9/9
   772 | D        | Killed a polar bear
   772 | D        | Received a gift from Trog
   772 | D        | Reached skill level 14 in Polearms
  1072 | D        | Noticed a death drake
  1073 | D        | Noticed a crystal guardian
  1074 | D        | Noticed a death drake
  1093 | D        | Killed a death drake
  1097 | D        | HP: 1/80 [poisoned by a death drake (dark miasma)]
  1097 | D        | Killed from afar by a death drake

Skill      XL: |  1  2  3  4  5  6  7  8  9 |
---------------+----------------------------+-----
Dodging        | 3 6 7 8 10 11 12 13 | 13.4
Polearms       | 5 7 9 11 12 13 14 | 14.7
Armour         | 2 3 4 5 7 8 |  8.2
Fighting       | 5 6 7 9 10 11 | 11.7

Action                   |  1- 3 |  4- 6 |  7- 9 || total
-------------------------+-------+-------+-------++-------
Melee: Spear             |    22 |    30 |    57 ||   109
       Tailslap          |       |       |     2 ||     2
Throw: Javelin           |       |       |     1 ||     1
Invok: Berserk           |     2 |     1 |     3 ||     6
       Brothers in Arms  |       |       |     2 ||     2
  Use: Potion            |       |       |     1 ||     1
       Scroll            |       |       |     1 ||     1
 Stab: Distracted        |       |       |     2 ||     2
  Eat: Chunk             |       |       |     2 ||     2
       Ration            |       |       |     1 ||     1
Armor: Animal skin       |       |     1 |     2 ||     3
Dodge: Dodged            |     3 |     6 |    28 ||    37
